 Dungeon Crawl Stone Soup version 0.31.0-32-g396128a36d (webtiles) character file.

Game seed: 13551727970652207928

451 Arcadio the Apothecary (level 6, 0/41 HPs)
             Began as a Vampire Alchemist on Apr 8, 2024.
             Splashed by a jelly's acid (6 damage)
             ... on level 6 of the Dungeon.
             The game lasted 00:10:12 (3956 turns).

Arcadio the Apothecary (Vampire Alchemist)          Turns: 3956, Time: 00:10:13

Health: 0/41       AC: -6    Str:  7    XL:     6   Next: 75%
Magic:  2/12       EV: 14    Int: 19    God:
Gold:   182        SH:  0    Dex: 15    Spells: 6/13 levels left

rFire   . . .        g - staff of alchemy
rCold   . . .        (no shield)
rNeg    . . .        a - +0 robe
rPois   +            (no helmet)
rElec   .            (no cloak)
rCorr   .            (no gloves)
SInv    +            (no boots)
Will    .....        (no amulet)
Stlth   ++           (no ring)
HPRegen 0.46/turn    (no ring)
MPRegen 0.13/turn

%: no passive effects
@: corroded, very slightly contaminated, healing quickly
A: alive, fangs 3, see invisible, vampiric 2
a: Exsanguinate


You were on level 6 of the Dungeon.
You visited 1 branch of the dungeon, and saw 5 of its levels.

You collected 182 gold pieces.

Inventory:

Hand Weapons
 c - a +0 dagger of venom
Missiles
 e - 6 poisoned darts
Armour
 a - a +0 robe (worn)
Magical Staves
 g - a staff of alchemy (weapon)
Jewellery
 n - a ring of ice
Scrolls
 f - a scroll of vulnerability
 i - a scroll of poison {unknown}
 p - 2 scrolls of teleportation {unknown}
 q - a scroll of amnesia {unknown}
Potions
 b - a potion of magic
 d - a potion of curing {unknown}
 h - a potion of enlightenment {unknown}
 j - a potion of resistance {unknown}
 k - 3 potions of mutation
 l - a potion of lignification {unknown}
 o - a potion of berserk rage {unknown}


   Skills:
 + Level 4.9 Dodging
 - Level 3.3 Stealth
 + Level 4.0 Spellcasting
 - Level 0.9 Conjurations
 + Level 5.4 Alchemy


You had 6 spell levels left.
You knew the following spells:

 Your Spells              Type           Power      Damage    Failure   Level
a - Sting                 Conj/Alch      92%        1d8       3%          1
b - Mercury Vapours       Alch/Air       42%        N/A       7%          2
c - Olgreb's Toxic Radia  Alch           36%        N/A       14%         4

Your spell library contained the following spells:

 Spells                   Type           Power      Damage    Failure   Level
 Mephitic Cloud           Conj/Alch/Air  17%        N/A       17%         3
 Lesser Beckoning         Tloc           6%         N/A       21%         2
 Gell's Gravitas          Tloc           3%         N/A       38%         3
 Teleport Other           Tloc           3%         N/A       38%         3
 Sticky Flame             Fire/Alch      21%        2d6       41%         4
 Ozocubu's Refrigeration  Ice            1%         4d7       100%        7
 Discord                  Hex            1%         N/A       100%        8


Dungeon Overview and Level Annotations

Branches:
Dungeon (4/15)
 Temple: D:4-7

Altars:

Annotations:
D:6 Blork the orc


Innate Abilities, Weirdness & Mutations

Your natural rate of healing is accelerated.
You have razor-sharp teeth.
You have supernaturally acute eyesight. (SInv)
You are afflicted with vampirism and can become a bat while bloodless.


Message History

The black bear looks as sick as possible!
The black bear is heavily wounded.
A hound comes into view.
The black bear bites you but does no damage.
The black bear claws you. x2
Okay, then.
Casting: Sting (safe; 4% risk of failure)
Confirm with . or Enter, or press ? or * to list all spells.
Aiming: Sting (safe; 4% risk of failure)
Press: ? - help, Shift-Dir - straight line, f/p - black bear
Aim: a black bear (heavily wounded, extremely poisoned, 82% to hit)
You feel a surge of power!
The sting hits the black bear.
The black bear looks as sick as possible!
The black bear is severely wounded.
The hound barks!
The black bear goes berserk!
Casting: Sting (safe; 4% risk of failure)
Confirm with . or Enter, or press ? or * to list all spells.
Aiming: Sting (safe; 4% risk of failure)
Press: ? - help, Shift-Dir - straight line, f/p - black bear
Aim: a black bear (severely wounded, berserk, extremely poisoned, 82% to hit)
You feel a surge of power!
The sting hits the black bear!
The black bear looks as sick as possible!
The black bear is almost dead.
You kill the black bear!
Your Spellcasting skill increases to level 4!
The jelly hits you but does no damage.
You begin bloodletting.
You continue bloodletting.
The jelly hits you.
You are splashed with acid!
You continue bloodletting.
The hound barely misses you. The jelly hits you. The acid corrodes you!
You are splashed with acid!
The hound misses you.
You continue bloodletting.
The hound misses you. The jelly hits you.
You are splashed with acid!
* * * LOW HITPOINT WARNING * * *
You continue bloodletting.
The hound misses you. The jelly hits you.
* * * LOW HITPOINT WARNING * * *
The acid corrodes you!
You are splashed with acid.
You die...

#...........
#......#.#.# ≈.
#.....##.#.### .≈.o#
#......#...#.##.≈...
##.........#....≈...
##........#..#.≈g..
#.............≈≈..
###Jh##........≈≈.
##.@..#..(......≈≈
#....#####(.......
###.## #.###.... ###
..# ### ##.. #.# ###


You could see a hound and a jelly.

Vanquished Creatures
  A black bear (D:6)
  A bullfrog (D:4)
  A sleepcap (D:4)
  A jelly (D:4)
  Jessica (D:3)
  An iguana (D:3)
  An orc wizard (D:3)
  5 adders
  2 ribbon worms (D:2)
  5 dart slugs
  5 orcs
  3 ball pythons
  5 bats
  13 endoplasms
  6 giant cockroaches
  8 hobgoblins
  6 jackals
  4 quokkas
  3 frilled lizards (D:3)
  10 goblins
  10 kobolds
  13 rats
105 creatures vanquished.

Notes
Turn   | Place    | Note
-------+----------+-------------------------------------------
     0 | D:1      | Arcadio the Vampire Alchemist began the quest for the Orb.
     0 | D:1      | Reached XP level 1. HP: 13/13 MP: 3/3
     1 | D:1      | Found a runed translucent door.
   120 | D:1      | Reached XP level 2. HP: 13/19 MP: 3/5
   155 | D:1      | Learned a level 2 spell: Mercury Vapours
   941 | D:1      | Gained mutation: You are afflicted with vampirism and can
                  | become a bat while bloodless. [Vampire growth]
   941 | D:1      | Reached XP level 3. HP: 20/24 MP: 4/6
  1581 | D:2      | Reached skill level 4 in Alchemy
  1748 | D:2      | Reached XP level 4. HP: 26/30 MP: 4/8
  2067 | D:2      | Learned a level 4 spell: Olgreb's Toxic Radiance
  2295 | D:3      | Noticed Jessica
  2298 | D:3      | Killed Jessica
  2323 | D:3      | Reached XP level 5. HP: 34/35 MP: 1/9
  3637 | D:4      | Reached skill level 5 in Alchemy
  3637 | D:4      | Reached XP level 6. HP: 23/41 MP: 4/11
  3920 | D:4      | You fall into a shaft and drop 2 floors!
  3929 | D:6      | Noticed Blork the orc
  3956 | D:6      | Splashed by a jelly's acid

Illustrated notes

Levels and vault maps discovered:
D:1:      dpeg_arrival_caged_fury, layout_loops_ring, corexii_corridor_pit
D:2:      layout_basic, skrybe_limestone_x, kennysheep_boxes
D:3:      layout_basic, minmay_bisected, uniq_jessica
D:4:      layout_basic
D:6:      layout_cave_pools, minmay_temple_entry_junction, serial_gnoll_camp,
          gnoll_camp_huts_moat, gnoll_camp_mini_hut, gnoll_camp_mini_hut,
          gnoll_camp_mini_basic, serial_shops, shop, hangedman_decor_opposing,
          grunt_ministairs_7, uniq_blork_the_orc

Skill      XL: |  1  2  3  4  5  6 |
---------------+-------------------+-----
Dodging        | 3 4 |  4.9
Alchemy        | 4 5 |  5.4
Spellcasting   | 3 4 |  4.0
Stealth        | |  3.3
Conjurations   | |  0.9

Action                     |  1- 3 |  4- 6 || total
---------------------------+-------+-------++-------
  Melee: Dagger            |    33 |       ||    33
         Bite              |     8 |       ||     8
         Staff             |    53 |    11 ||    64
         Punch             |     1 |       ||     1
   Cast: Sting             |    49 |   105 ||   154
         Mercury Vapours   |       |     5 ||     5
         Olgreb's Toxic Ra |       |     2 ||     2
Ability: Exsanguinate      |       |     1 ||     1
    Use: Scroll            |       |     3 ||     3
   Stab: Sleeping          |     3 |     1 ||     4
 Armour: Robe              |    42 |    29 ||    71
  Dodge: Dodged            |    66 |    32 ||    98
